AoeStats
← Lucas_lupo

Arena

506766065Analyzed
3v3 RM · 18d ago on Sep 15, 2026· 65m 52s· 6 players
Game mode
Random Map
Map size
Normal (6 player)
Population
200
Speed
Normal
Resources
Standard
Victory
Conquest
Starting age
Dark Age
Ending age
Imperial Age
RankedLock teamsTeams togetherTeam positionsShared explorationLock speedFull tech treeHidden civsTurbo modeCheats
Victory
Defeat
🇺🇸 Portuguese · United States
756
+17
752
+42
🇨🇱 Britons · Chile
704
+19
🇦🇷 Vietnamese · Argentina
810
-19
🇦🇷 Persians · Argentina
782
-18
🇦🇷 Lithuanians · Argentina
765
-17
Stifler Master
0:37 Loom
10:54 Feudal Age
12:04 Double-Bit Axe
12:02 Horse Collar
13:07 Town Watch
13:50 Gold Mining
15:22 Wheelbarrow
21:25 Castle Age
21:19 Stone Mining
21:48 Forging
21:40 Padded Archer Armor
21:32 Fletching
23:42 Gold Shaft Mining
23:36 Bow Saw
24:41 Heavy Plow
25:31 Town Patrol
26:14 Iron Casting
25:35 Bodkin Arrow
26:07 Leather Archer Armor
29:39 Hand Cart
30:02 Man-at-Arms
30:43 Squires
30:29 Arson
33:15 Yeomen
37:43 Imperial Age
39:05 Conscription
38:16 Sappers
39:33 Ring Archer Armor
39:04 Bracer
42:05 Conscription
41:15 Sappers
42:23 Hoardings
41:48 Warwolf
41:09 Elite Longbowman
42:53 Blast Furnace
44:18 Ballistics
44:59 Chemistry
49:05 Two-Man Saw
48:27 Fortified Wall
47:58 Treadmill Crane
48:05 Long Swordsman
48:30 Gambesons
48:43 Two-Handed Swordsman
51:11 Arrowslits
51:09 Champion
61:50 Coinage
61:20 Caravan
63:41 Scale Mail Armor
本心向明月奈何照沟渠
9:19 Feudal Age
9:50 Double-Bit Axe
11:44 Wheelbarrow
11:24 Horse Collar
19:04 Castle Age
19:02 Gold Mining
19:06 Stone Mining
20:07 Pikeman
21:57 Gambesons
21:59 Arson
24:39 Bow Saw
24:32 Heavy Plow
26:46 Gold Shaft Mining
28:14 Hand Cart
29:07 Forging
28:57 Scale Mail Armor
28:52 Loom
28:54 Town Watch
32:22 Imperial Age
30:39 Iron Casting
32:38 Chain Mail Armor
33:01 Halberdier
33:32 Treadmill Crane
35:45 Blast Furnace
35:16 Plate Mail Armor
36:24 Stone Shaft Mining
35:54 Husbandry
35:18 Man-at-Arms
36:24 Capped Ram
36:38 Long Swordsman
37:22 Siege Ram
37:55 Two-Handed Swordsman
38:54 Siege Engineers
40:34 Conscription
40:26 Furor Celtica
40:16 Champion
43:06 Light Cavalry
44:23 Hussar
45:12 Scale Barding Armor
46:58 Heavy Scorpion
47:54 Stronghold
48:40 Hoardings
53:41 Cavalier
55:11 Chain Barding Armor
Nico
9:52 Loom
12:53 Feudal Age
15:03 Double-Bit Axe
22:08 Castle Age
20:59 Horse Collar
21:13 Gold Mining
25:38 Bow Saw
25:57 Heavy Plow
28:44 Fortified Wall
30:48 Stone Mining
31:34 Town Watch
32:24 Wheelbarrow
32:00 Pikeman
32:26 Gambesons
33:14 Fletching
34:34 Bodkin Arrow
34:55 Padded Archer Armor
39:19 Imperial Age
37:15 Ballistics
37:01 Circumnavigation
37:20 Leather Archer Armor
37:26 Hand Cart
39:37 Forging
39:29 Heated Shot
39:47 Scale Mail Armor
40:32 Conscription
42:39 Iron Casting
42:19 Chain Mail Armor
46:04 Halberdier
53:09 Blast Furnace
52:40 Plate Mail Armor
52:13 Arquebus
54:38 Town Patrol
64:25 Conscription
63:26 Elite Organ Gun
Lucas_lupo
0:27 Loom
11:46 Feudal Age
12:11 Double-Bit Axe
20:21 Castle Age
18:17 Horse Collar
22:59 Bloodlines
26:12 Husbandry
28:12 Elite Skirmisher
34:55 Imperial Age
33:49 Wheelbarrow
33:25 Scale Barding Armor
36:11 Imperial Skirmisher
36:55 Cavalier
38:18 Forging
38:08 Scale Mail Armor
42:01 Scale Mail Armor
42:42 Light Cavalry
45:16 Chemistry
46:04 Hussar
47:17 Thumb Ring
48:03 Padded Archer Armor
47:58 Fletching
49:27 Ballistics
49:28 Chain Mail Armor
50:37 Gold Mining
60:55 Chain Barding Armor
61:06 Plate Mail Armor
63:33 Padded Archer Armor
Metal
2:20 Loom
12:21 Feudal Age
16:56 Castle Age
16:09 Double-Bit Axe
16:08 Horse Collar
16:41 Town Watch
21:20 Gold Mining
23:19 Wheelbarrow
22:50 Stone Mining
23:06 Fletching
24:40 Heavy Plow
28:13 Elite Skirmisher
29:00 Padded Archer Armor
30:28 Hand Cart
35:31 Imperial Age
33:28 Leather Archer Armor
36:13 Imperial Skirmisher
38:12 Bodkin Arrow
39:31 Chemistry
38:57 Ballistics
39:02 Elite Battle Elephant
39:45 Chatras
40:46 Thumb Ring
45:02 Elite Rattan Archer
47:01 Ring Archer Armor
51:55 Scale Barding Armor
51:52 Bracer
54:30 Chain Barding Armor
54:20 Forging
54:30 Town Patrol
56:44 Light Cavalry
57:34 Bloodlines
59:06 Plate Barding Armor
BeRnY
3:13 Loom
9:52 Feudal Age
11:03 Double-Bit Axe
15:39 Town Watch
19:40 Castle Age
17:58 Padded Archer Armor
18:25 Horse Collar
19:06 Gold Mining
20:43 Wheelbarrow
20:42 Forging
20:32 Fletching
21:21 Bow Saw
22:08 Fervor
24:25 Forging
23:47 Elite Skirmisher
26:13 Thumb Ring
27:46 Husbandry
27:57 Bloodlines
36:29 Imperial Age
38:12 Conscription
37:27 Elite Leitis
46:14 Murder Holes
46:01 Treadmill Crane
47:56 Iron Casting
47:27 Scale Barding Armor
47:41 Leather Archer Armor
47:22 Bodkin Arrow
47:49 Heavy Plow
47:39 Light Cavalry
47:44 Imperial Skirmisher
50:07 Chain Barding Armor
50:52 Winged Hussar
51:31 Stone Mining
54:13 Chemistry
53:34 Ballistics
53:26 Masonry
53:54 Tower Shields
63:18 Bracer
Connection lost

Rejoining the realm…

Still unreachable

The connection could not be restored.

Session expired

The server has moved on; the page needs a fresh start.